 Dungeon Crawl Stone Soup version 0.20-b1-2-gc5a9893 (webtiles) character file.

2936 graki42 the Basher (level 9, -7/54 HPs)
             Began as a Gargoyle Fighter on May 23, 2017.
             Was a Follower of the Shining One.
             Mangled by a sun demon (12 damage)
             ... summoned by a kobold demonologist
             ... on level 5 of the Dungeon.
             The game lasted 00:12:46 (4918 turns).

graki42 the Basher (Gargoyle Fighter)               Turns: 4918, Time: 00:12:52

Health: -7/54      AC: 13    Str: 23    XL:     9   Next: 80%
Magic:  10/10      EV: 10    Int:  9    God:    the Shining One [*.....]
Gold:   433        SH: 11    Dex:  9    Spells: 8/8 levels left

rFire    . . .     SeeInvis .   y - +0 whip (elec)
rCold    . . .     Gourm    .   c - +0 shield
rNeg     + . .     Faith    .   b - +0 scale mail
rPois    ∞         Spirit   .   (no helmet)
rElec    +         Reflect  .   (no cloak)
rCorr    .         Harm     .   (no gloves)
MR       .....                  (no boots)
Stlth    ..........             g - amulet of rage
Regen    0.2/turn               u - ring of loudness (curse)
MPRegen  0.2/turn               (no ring)

@: glowing
A: negative energy resistance 1, electricity resistance, unbreathing,
petrification resistance, rot immunity, AC +5
a: Renounce Religion, Evoke Berserk Rage


You were on level 5 of the Dungeon.
You worshipped the Shining One.
The Shining One was aware of your devotion.
You were hungry.

You visited 1 branch of the dungeon, and saw 5 of its levels.

You collected 433 gold pieces.

Inventory:

Hand Weapons
 a - a +0 flail
 h - a +1 whip
 y - a +0 whip of electrocution (weapon)
Missiles
 A - a throwing net (quivered)
Armour
 b - a +0 scale mail (worn)
 c - a +0 shield (worn)
 B - a +2 buckler
Jewellery
 g - an amulet of rage (around neck)
 u - a cursed ring of loudness (left hand)
Wands
 w - a wand of iceblast (3/15)
Scrolls
 e - 6 scrolls of remove curse
 l - 6 scrolls of identify
 m - a scroll of enchant weapon
 n - 5 scrolls of fog
 q - 2 scrolls of immolation {unknown}
 r - 2 scrolls of random uselessness {unknown}
 t - 2 scrolls of magic mapping
Potions
 j - a potion of brilliance {unknown}
 k - 4 potions of curing {unknown}
 o - a potion of heal wounds
 p - 2 potions of mutation {unknown}
 s - 2 potions of cancellation {unknown}
 v - 2 potions of haste {unknown}
 x - a potion of agility {unknown}
Comestibles
 d - 2 fruits
 f - 7 bread rations
 i - 3 royal jellies


   Skills:
 + Level 5.6 Fighting
 + Level 8.3 Maces & Flails
 + Level 6.3 Armour
 + Level 3.2 Dodging
 + Level 0.2 Stealth
 + Level 8.0 Shields
 + Level 1.9 Evocations


You had 8 spell levels left.
You didn't know any spells.

Dungeon Overview and Level Annotations

Branches:
Dungeon (5/15)
 Temple: D:4-7

Altars:
Cheibriados
Dithmenos
Gozag
Hepliaklqana
Okawaru
Ru
Zin
The Shining One

Annotations:
D:5 Prince Ribbit


Innate Abilities, Weirdness & Mutations

You are resistant to torment.
Your stone body is resilient. (AC +5)
You are immune to poison.
You resist negative energy. (rN+)
You are resistant to electric shocks. (rElec)
You can survive without breathing.
You are immune to petrification.
You are immune to rotting.


Message History

Prince Ribbit blinks!
The kobold demonologist gestures wildly while chanting.
The kobold demonologist miscasts a cantrip.
Prince Ribbit hits you!
Prince Ribbit blinks!
You block the orc's attack.
There is a transporter here.
You enter the transporter and appear at another place.
The sun demon hits you!
You are engulfed in flames!
The orc hits you but does no damage.
The sun demon hits you but does no damage.
The orc barely misses you.
An orc wizard comes into view. It is wielding a dagger.
The orc wizard shouts!
The sun demon closely misses you.
The orc wizard gestures at you while chanting.
The puff of flame misses you.
The puff of flame hits the sun demon.
The sun demon appears unharmed.
The sun demon hits you!
* * * LOW HITPOINT WARNING * * *
You are engulfed in flames!
You die...

.....<.#######.########.#
####.#########...<......########
##...........########.........#
#..#########..# #.#######.#
#.##...§...##.# #.# #.#
#.#8.......8#.# #.# #.#
##.#........_#.## #.# #.#
...#......O}5#o.######o#######.#
..©#.K.....$F#..@......o.(.....#
#..#.......=.#.3########.#..####
##.#........_#.#########.#).#
#.#8......$8#.........#.#..#
#.##.......##..............#
#..#########..#######.#.##.#
###............# #.#.##.#
.......##.####.# #.#.##.#
####.####.# #.# #.#.##.#


You could see a sun demon, Prince Ribbit, an ogre, an orc wizard, 2 orcs and an
ufetubus.

Vanquished Creatures
  2 two-headed ogres
  A water moccasin (D:5)
  3 ogres
  A black bear (D:4)
  A centaur (D:5)
  A gnoll sergeant (D:5)
  3 scorpions
  2 hounds (D:5)
  A bullfrog zombie (D:5)
  An orc priest (D:4)
  An orc wizard (D:4)
  A bullfrog skeleton (D:5)
  2 gnoll shamans (D:5)
  3 worker ants (D:5)
  A hound skeleton (D:4)
  A worker ant zombie (D:5)
  39 gnolls (D:5)
  6 adders
  A shadow imp (D:5)
  An ooze (D:2)
  4 worms
  3 dart slugs
  7 leopard geckos
  5 orcs (D:4)
  15 giant cockroaches
  6 goblins
  5 hobgoblins
  25 jackals
  2 quokkas
  A ball python (D:3)
  8 bats
  10 frilled lizards
  8 kobolds
  7 rats
178 creatures vanquished.

Notes
Turn   | Place    | Note
-------+----------+-------------------------------------------
     0 | D:1      | graki42 the Gargoyle Fighter began the quest for the Orb.
     0 | D:1      | Reached XP level 1. HP: 14/14 MP: 1/1
    76 | D:1      | Reached XP level 2. HP: 19/19 MP: 2/2
   581 | D:1      | Reached XP level 3. HP: 23/23 MP: 3/3
   753 | D:2      | Found an opulent altar of Gozag.
  1022 | D:2      | Found a shadowy altar of Dithmenos.
  1253 | D:2      | Reached XP level 4. HP: 29/29 MP: 4/4
  1853 | D:3      | Found a glowing golden altar of the Shining One.
  1874 | D:3      | Became a worshipper of the Shining One
  2131 | D:3      | Reached XP level 5. HP: 29/33 MP: 5/5
  2414 | D:4      | Reached skill level 1 in Dodging
  2512 | D:4      | Noticed an ogre
  2518 | D:4      | Killed an ogre
  2518 | D:4      | Reached XP level 6. HP: 38/38 MP: 6/6
  2627 | D:4      | Reached skill level 5 in Shields
  2728 | D:4      | Reached XP level 7. HP: 44/44 MP: 7/7
  3018 | D:4      | Noticed a two-headed ogre
  3031 | D:4      | Killed a two-headed ogre
  3031 | D:4      | Reached skill level 5 in Fighting
  3031 | D:4      | Reached skill level 1 in Evocations
  3031 | D:4      | Reached XP level 8. HP: 13/49 MP: 7/9
  3463 | D:5      | Entered Level 5 of the Dungeon
  3466 | D:5      | Noticed Prince Ribbit
  3468 | D:5      | Noticed a kobold demonologist
  3552 | D:5      | Reached skill level 5 in Armour
  3893 | D:5      | Reached * piety under the Shining One
  4021 | D:5      | Reached XP level 9. HP: 51/54 MP: 10/10
  4192 | D:5      | Found a snail-covered altar of Cheibriados.
  4194 | D:5      | Found a hazy altar of Hepliaklqana.
  4196 | D:5      | Found an iron altar of Okawaru.
  4209 | D:5      | Noticed a two-headed ogre
  4214 | D:5      | Killed a two-headed ogre
  4476 | D:5      | Found a sacrificial altar of Ru.
  4797 | D:5      | Found a glowing silver altar of Zin.
  4913 | D:5      | Noticed a sun demon
  4918 | D:5      | Mangled by a sun demon

Skill      XL: |  1  2  3  4  5  6  7  8  9 |
---------------+----------------------------+-----
Maces & Flails | 3 4 6 7 8 |  8.3
Shields        | 4 5 6 8 |  8.0
Armour         | 4 5 6 |  6.3
Dodging        | 1 2 3 |  3.2
Fighting       | 4 5 |  5.6
Evocations     | 1 |  1.9
Stealth        | |  0.2

Action                   |  1- 3 |  4- 6 |  7- 9 || total
-------------------------+-------+-------+-------++-------
Melee: Flail             |     8 |       |       ||     8
       Whip              |   152 |   293 |   287 ||   732
 Abil: Evoke Berserk Rag |       |     3 |     2 ||     5
  Use: Scroll            |     5 |       |       ||     5
       Potion            |       |     1 |       ||     1
  Eat: Chunk             |       |     8 |    10 ||    18
Armor: Scale mail        |    88 |   123 |    82 ||   293
Dodge: Dodged            |    50 |    83 |    85 ||   218
Block: Shield            |    85 |   137 |   124 ||   346
